 Dungeon Crawl Stone Soup version 0.26.1-11-gd32895ea62 (webtiles) character file.

Game seed: 9294940819096398819

42319 dtburroughs the Cleaver (level 13, -7/119 HPs)
             Began as a Minotaur Berserker on June 16, 2021.
             Was a High Priest of Trog.
             Mangled by a 12-headed hydra (11 damage)
             ... on level 5 of the Lair of Beasts.
             The game lasted 00:45:01 (19275 turns).

dtburroughs the Cleaver (Minotaur Berserker)       Turns: 19275, Time: 00:45:01

Health: -7/119     AC: 13    Str: 29    XL:     13   Next: 84%
Magic:  12/12      EV: 14    Int:  8    God:    Trog [*****.]
Gold:   1042       SH: 22    Dex: 10    Spells: 12/12 levels left

rFire    . . .     SeeInvis +   W - +8 broad axe
rCold    . . .     Faith    .   i - +3 tower shield
rNeg     . . .     Spirit   .   O - +2 ring mail {rPois}
rPois    +         Reflect  .   Q - +1 hat {SInv}
rElec    .         Harm     .   (no cloak)
rCorr    .         Rampage  .   X - +0 pair of gloves
Will     .....                  a - +0 pair of boots
Stlth    ..........             S - amulet of magic regeneration
HPRegen  0.29/turn              o - ring of see invisible
MPRegen  0.38/turn              E - +6 ring of strength

@: studying Unarmed Combat
A: retaliatory headbutt, horns 2
a: Renounce Religion, Berserk, Trog's Hand, Brothers in Arms


You were on level 5 of the Lair of Beasts.
You worshipped Trog.
Trog was extremely pleased with you.
You visited 2 branches of the dungeon, and saw 16 of its levels.

You collected 1042 gold pieces.

Inventory:

Hand Weapons
 m - a +0 mace of venom
 s - a +0 war axe of venom
 w - a +0 war axe of electrocution
 J - a +4 broad axe of flaming
 W - a +8 broad axe (weapon)
Armour
 a - a +0 pair of boots (worn)
 i - a +3 tower shield (worn)
 q - +0 fire dragon scales
 t - a +4 chain mail of fire resistance
 y - the cursed +1 chain mail of Classification {rCorr}
   (You found it on level 7 of the Dungeon)

   It provides partial protection from all sources of acid and corrosion.
   It has a curse placed upon it.
 D - a +2 scale mail of cold resistance
 F - a cursed +0 ring mail
 H - +0 acid dragon scales
 I - a +0 plate armour
 O - a +2 ring mail of poison resistance (worn)
 Q - a +1 hat of see invisible (worn)
 T - the cursed +1 leather armour of Integrity {*Slow +Inv rElec, unknown}
   (You found it on level 5 of the Lair of Beasts)

   It insulates you from electricity.
   It lets you turn invisible.
   It may slow you when you take damage.
   It has a curse placed upon it.
 X - a +0 pair of gloves (worn)
Jewellery
 d - an uncursed ring of resist corrosion
 o - a ring of see invisible (left hand)
 E - a +6 ring of strength (right hand)
 S - an amulet of magic regeneration (around neck)
Wands
 r - a wand of flame (15)
 K - a wand of paralysis (1)
 V - a wand of iceblast (9)
Scrolls
 c - 9 scrolls of remove curse
 j - 6 scrolls of teleportation
 n - 2 scrolls of noise {unknown}
 u - 2 scrolls of enchant weapon
 v - 3 scrolls of magic mapping
 x - a scroll of blinking
 G - a scroll of summoning
 L - a scroll of immolation {unknown}
 M - a scroll of brand weapon {unknown}
 U - a scroll of enchant armour
Potions
 e - 3 potions of mutation {unknown}
 f - a potion of resistance {unknown}
 g - 2 potions of brilliance {unknown}
 h - 3 potions of curing
 k - 6 potions of ambrosia
 l - 2 potions of invisibility
 z - 3 potions of cancellation {unknown}
 A - 2 potions of lignification {unknown}
 C - 3 potions of might
 N - a potion of magic {unknown}
 P - 4 potions of haste
 R - a potion of berserk rage {unknown}
 Y - a potion of heal wounds
 Z - a potion of flight {unknown}
Books
 B - a manual of Unarmed Combat
Miscellaneous
 p - a phantom mirror


   Skills:
 + Level 12.3 Fighting
 + Level 12.3 Axes
 + Level 12.2 Armour
 + Level 11.2 Dodging
 + Level 11.9 Shields
 + Level 8.7 Evocations


You had 12 spell levels left.
You didn't know any spells.
Your spell library was empty.

Dungeon Overview and Level Annotations

Branches:
Dungeon (10/15)            Temple (0/1) D:7            Lair (6/6) D:10
  Swamp (0/4) Lair:2       Spider (0/4) Lair:4        Slime (0/5) Lair:5
    Orc (0/2) D:9

Altars:
Elyvilon
Fedhas
Gozag
Hepliaklqana
Nemelex Xobeh
Okawaru
Sif Muna
Wu Jian
Jiyva

Shops:
D:8 =[=}?   D:10 [(*

Annotations:
D:5 1 runed translucent door, oc3rt's ghost, novice HuHu
Lair:5 2 transporters, dtburroughs's ghost, journeyman MiBe


Innate Abilities, Weirdness & Mutations

You reflexively headbutt those who attack you in melee.
You have a pair of horns on your head.


Message History

You block the 12-headed hydra's attack.
The 12-headed hydra bites you but does no damage.
The 12-headed hydra barely misses you.
The 12-headed hydra bites you but does no damage.
You block the 12-headed hydra's attack. The 12-headed hydra bites you.
* * * LOW HITPOINT WARNING * * *
The 12-headed hydra misses you. The 12-headed hydra bites you!
* * * LOW HITPOINT WARNING * * *
The 12-headed hydra bites you!
* * * LOW HITPOINT WARNING * * *
The 12-headed hydra bites you.
* * * LOW HITPOINT WARNING * * *
As you read the scroll of fear, it crumbles to dust.
You assume a fearsome visage.
The 12-headed hydra resists with almost no effort.
You block the 12-headed hydra's attack. x2
The 12-headed hydra barely misses you.
The 12-headed hydra bites you but does no damage.
The 12-headed hydra bites you!
You die...

.+......##.##†'#.#....#
........####.#.##.#..##
.+...⌠...#####..######
.#........###...#
#####......###..#
.######..⌠..#######
#÷...........##.⌠.##
.............#..D..##
....⌠..⌠.<.⌠....@.⌠.#
.............#.....##
#............##.⌠..#
##..#....⌠..###.####
...##.......#..##
..........##..P#
..:..⌠...###...#
.#......## ##..#
.......#####..####


You could see a 12-headed hydra.

Vanquished Creatures
  Gastronok (Lair:1)
  7 hydras
  Erica (D:8)
  A boulder beetle (Lair:5)
  2 two-headed ogres (D:8)
  An unseen horror (D:8)
  4 oklob plants
  An ugly thing (D:6)
  20 elephants
  4 black mambas
  8 cane toads
  Maggie (D:8)
  11 komodo dragons
  4 rime drakes
  A troll (D:9)
  A queen bee (Lair:1)
  Grinder (D:6)
  8 blink frogs (Lair:2)
  2 redbacks (Lair:4)
  3 wyverns
  Eustachio (D:4)
  25 yaks
  Grum (Lair:1)
  A basilisk (Lair:4)
  7 water moccasins
  Duvessa (D:4)
  An orc warrior (D:6)
  3 ice beasts
  2 sky beasts
  7 wolves
  A necrophage (D:8)
  5 ogres
  A centaur (D:8)
  A big kobold (D:9)
  Blork the orc (D:4)
  24 bullfrogs
  Dowan (D:4)
  2 scorpions
  35 killer bees
  A howler monkey (D:4)
  9 wights
  An electric eel (D:6)
  A crimson imp (D:8)
  A bullfrog zombie (D:7)
  4 orc priests
  A centaur skeleton (D:10)
  A gnoll shaman (D:7)
  4 hounds
  2 jellies
  8 orc wizards
  6 iguanas
  Jessica (D:5)
  Terence (D:3)
  6 hell rats (Lair:2)
  6 worker ants
  A hound zombie (D:7)
  2 hound skeletons
  A worker ant zombie (D:9)
  7 gnolls
  6 adders
  A shadow imp (D:5)
  4 white imps
  2 ufetubi
  An ooze (D:2)
  An adder skeleton (D:9)
  A worm (D:4)
  2 dart slugs (D:2)
  4 leopard geckos
  30 orcs
  2 ball pythons
  6 giant cockroaches
  3 goblins (D:2)
  10 hobgoblins
  24 jackals
  4 quokkas
  9 bats
  9 frilled lizards
  5 kobolds
  A leopard gecko skeleton (D:5)
  A quokka skeleton (D:7)
  5 rats
397 creatures vanquished.

Vanquished Creatures (collateral kills)
  A hydra (Lair:4)
  Harold (D:8)
  4 elephants (Lair:4)
  Joseph (D:7)
  2 killer bees (D:8)
  An adder (D:8)
10 creatures vanquished.

Vanquished Creatures (others)
  30 fungi
  41 plants
71 creatures vanquished.

Grand Total: 478 creatures vanquished

Notes
Turn   | Place    | Note
-------+----------+-------------------------------------------
     0 | D:1      | dtburroughs the Minotaur Berserker began the quest for the
                  | Orb.
     0 | D:1      | Reached XP level 1. HP: 19/19 MP: 0/0
   249 | D:1      | Reached XP level 2. HP: 18/27 MP: 1/1
   592 | D:1      | Reached ** piety under Trog
   673 | D:1      | Reached XP level 3. HP: 33/33 MP: 2/2
  1672 | D:3      | Reached XP level 4. HP: 40/40 MP: 3/3
  1694 | D:3      | Reached skill level 1 in Shields
  1705 | D:3      | Found an iron altar of Okawaru.
  1780 | D:3      | Found an ornate altar of the Wu Jian Council.
  1899 | D:3      | Reached XP level 5. HP: 45/47 MP: 4/4
  2075 | D:3      | Reached *** piety under Trog
  2152 | D:3      | Noticed Terence
  2162 | D:3      | Killed Terence
  2289 | D:3      | Found an opulent altar of Gozag.
  2496 | D:4      | Noticed an ogre
  2515 | D:4      | Killed an ogre
  2516 | D:4      | Reached XP level 6. HP: 25/55 MP: 5/5
  2758 | D:4      | Noticed Blork the orc
  2775 | D:4      | Killed Blork the orc
  2776 | D:4      | Reached skill level 5 in Fighting
  2776 | D:4      | Reached skill level 5 in Axes
  3016 | D:4      | Noticed Dowan
  3017 | D:4      | Noticed Duvessa
  3041 | D:4      | Killed Duvessa
  3042 | D:4      | Reached XP level 7. HP: 33/61 MP: 6/6
  3045 | D:4      | Killed Dowan
  3400 | D:4      | Reached skill level 5 in Armour
  3551 | D:4      | Noticed Eustachio
  3564 | D:4      | Killed Eustachio
  3584 | D:4      | Reached skill level 1 in Evocations
  3700 | D:4      | Found a sparkling altar of Nemelex Xobeh.
  3953 | D:5      | Entered Level 5 of the Dungeon
  4040 | D:5      | Noticed oc3rt's ghost (novice HuHu)
  4046 | D:5      | Found a runed translucent door.
  4181 | D:5      | Reached XP level 8. HP: 70/70 MP: 7/7
  4361 | D:5      | Noticed Jessica
  4367 | D:5      | Found a shimmering blue altar of Sif Muna.
  4371 | D:5      | Killed Jessica
  4372 | D:5      | Reached skill level 5 in Dodging
  4771 | D:6      | Reached **** piety under Trog
  4877 | D:6      | Noticed Grinder
  4903 | D:6      | Killed Grinder
  4948 | D:6      | Reached skill level 5 in Shields
  5360 | D:6      | Reached XP level 9. HP: 45/79 MP: 8/8
  5843 | D:7      | Found a white marble altar of Elyvilon.
  5875 | D:7      | Got a crude chain mail
  5889 | D:7      | Identified the cursed +1 chain mail of Classification
                  | {rCorr} (You found it on level 7 of the Dungeon)
  5893 | D:7      | Found a staircase to the Ecumenical Temple.
  6024 | D:7      | Found a hazy altar of Hepliaklqana.
  6186 | D:7      | Noticed a cyan ugly thing
  6252 | D:6      | Killed a cyan ugly thing
  6777 | D:7      | Noticed Joseph
  6795 | D:7      | Killed Joseph
  7217 | D:8      | Noticed a two-headed ogre
  7236 | D:8      | Noticed Harold
  7241 | D:8      | Killed a two-headed ogre
  7242 | D:8      | Reached XP level 10. HP: 46/88 MP: 9/9
  7258 | D:8      | Killed Harold
  7686 | D:8      | Found Caz Doy's Gadget Shoppe.
  7835 | D:8      | Found Lowut's Jewellery Shoppe.
  7975 | D:8      | Noticed a two-headed ogre
  8003 | D:8      | Killed a two-headed ogre
  8339 | D:8      | Noticed Erica
  8346 | D:8      | Killed Erica
  8347 | D:8      | Reached skill level 5 in Evocations
  8648 | D:8      | Noticed Maggie
  8662 | D:8      | Killed Maggie
  8687 | D:8      | Found Dank's Magic Scroll Emporium.
  9018 | D:8      | Killed an unseen horror
  9268 | D:8      | Found Zarraoz's Armour Emporium.
  9305 | D:8      | Found Haiso's Jewellery Boutique.
  9588 | D:9      | Reached XP level 11. HP: 97/97 MP: 10/10
  9646 | D:9      | Found a staircase to the Orcish Mines.
 10411 | D:10     | Entered Level 10 of the Dungeon
 10411 | D:10     | Found Suehurph's Antique Armour Shop.
 10439 | D:10     | Found Teunleny's Antique Weapon Shoppe.
 10579 | D:10     | Found Yntismod's Assorted Antiques.
 10647 | D:10     | Found a staircase to the Lair.
 10839 | D:10     | Found a blossoming altar of Fedhas.
 11108 | Lair:1   | Entered Level 1 of the Lair of Beasts
 11108 | Lair:1   | Noticed Grum
 11116 | Lair:1   | Killed Grum
 11827 | Lair:1   | Found a shimmering blue altar of Sif Muna.
 11841 | Lair:1   | Noticed an eight-headed hydra
 12330 | Lair:1   | Killed a three-headed hydra
 12574 | Lair:1   | Reached skill level 10 in Axes
 12599 | Lair:1   | Reached skill level 10 in Fighting
 12688 | Lair:1   | Reached skill level 10 in Armour
 13124 | Lair:1   | Noticed Gastronok
 13150 | Lair:1   | Killed Gastronok
 13151 | Lair:1   | Reached XP level 12. HP: 102/107 MP: 11/11
 13529 | Lair:1   | Reached skill level 10 in Shields
 13746 | Lair:2   | HP: 5/107 [acid (8)]
 14107 | Lair:2   | Reached ***** piety under Trog
 14757 | Lair:2   | Noticed an eight-headed hydra
 14767 | Lair:2   | Killed a five-headed hydra
 14768 | Lair:2   | Reached skill level 10 in Dodging
 15142 | Lair:2   | Noticed a four-headed hydra
 15153 | Lair:2   | Killed a one-headed hydra
 15224 | Lair:2   | Noticed a six-headed hydra
 15236 | Lair:2   | Killed a two-headed hydra
 15343 | Lair:2   | Found a staircase to the Swamp.
 15968 | Lair:3   | Reached XP level 13. HP: 43/116 MP: 12/12
 17865 | Lair:4   | Found a hole to the Spider Nest.
 18272 | Lair:5   | Found a transporter.
 18302 | Lair:5   | Noticed dtburroughs's ghost (journeyman MiBe)
 18318 | Lair:5   | Received a gift from Trog
 18646 | Lair:5   | Got a polished leather armour
 18788 | Lair:5   | Found a viscous altar of Jiyva.
 18789 | Lair:5   | Found a staircase to the Slime Pits.
 18865 | Lair:5   | Found a transporter.
 18959 | Lair:5   | Found an opulent altar of Gozag.
 19261 | Lair:6   | Entered Level 6 of the Lair of Beasts
 19274 | Lair:5   | HP: 4/119 [12-headed hydra (5)]
 19275 | Lair:5   | Mangled by a 12-headed hydra

Illustrated notes

Levels and vault maps discovered:
D:1:      ebering_trefoil_twist, layout_loops_ring,
          hangedman_decor_diamond_cutter
D:2:      layout_rooms
D:3:      layout_loops_ring, pdpol_wu_jian_five_deadly_venoms,
          lemuel_coloured_pillars_altar, okawaru_metal_pillars_1_2, uniq_terence
D:4:      layout_basic, nemelex_diamond_rough_becter, uniq_duvessa,
          uniq_eustachio, uniq_blork_the_orc
D:5:      layout_gridville, tgw_sif, hellmonk_ghost_happy_afterlife, st_stairs_5
D:6:      layout_cave_pools, lightli_minifort, uniq_grinder
D:7:      layout_basic, elyvilon_altar_3, minmay_temple_entry_sparse_star,
          basic_altar, minmay_manual_mail, uniq_joseph
D:8:      layout_loops_ring, serial_shops, shop, shop, kennysheep_mini_moat,
          shop, shop, minmay_fire_ice_demons, uniq_erica, uniq_maggie,
          uniq_harold
D:9:      layout_irregular_city, orc_0_dummy
D:10:     layout_irregular_city, lair_entry_dummy, serial_shops,
          nicolae_shop_overgrown_old_shop, nicolae_shop_stone, shop,
          fedhas_altar_2
Lair:1:   layout_cave_pods, basic_altar, special_room [special_room_bee],
          infiniplex_staircase_pool_2, uniq_gastronok, uniq_grum
Lair:2:   layout_cave_pods, minmay_swamp_entry_reptiles,
          cheibrodos_lair_caveside_slide, serial_bayou_shore_b,
          minmay_lair_oklob_chamber, serial_bayou_shore_b, lemuel_fruit_tree
Lair:3:   layout_hall_layers
Lair:4:   layout_misc_corridors, spider_nest_entry_funnel_web,
          wad_woods_river_04, grunt_megastairs_5
Lair:5:   layout_roguey, slime_altar_1, nzn_ghost_randoct, basic_altar,
          grunt_megastairs_3
Lair:6:   wormcave, layout_layer_cave, hangedman_lair_tendril_chambers

Skill      XL: |  1  2  3  4  5  6  7  8  9 10 11 12 13 |
---------------+----------------------------------------+-----
Fighting       | 4 5 6 7 8 9 10 11 12 | 12.3
Axes           | 4 5 6 8 9 10 11 12 | 12.3
Armour         | 3 4 5 6 7 9 10 11 12 | 12.2
Dodging        | 3 4 5 7 8 9 10 11 | 11.2
Shields        | 1 2 3 4 5 7 8 9 11 | 11.9
Evocations     | 1 2 4 5 6 7 8 |  8.7

Action                   |  1- 3 |  4- 6 |  7- 9 | 10-12 | 13-15 || total
-------------------------+-------+-------+-------+-------+-------++-------
Melee: Hand axe          |    93 |   103 |       |       |       ||   196
       Headbutt          |    18 |    21 |    57 |   112 |    48 ||   256
       War axe           |       |    17 |   280 |   136 |       ||   433
       Broad axe         |       |       |       |   365 |   191 ||   556
Invok: Trog's Hand       |     1 |     2 |     7 |     6 |     1 ||    17
       Brothers in Arms  |       |       |     1 |     2 |     1 ||     4
Evoke: Wand              |       |       |    11 |     6 |       ||    17
  Use: Scroll            |       |       |     9 |    10 |     7 ||    26
       Potion            |       |       |     1 |     5 |     3 ||     9
 Stab: Paralysed         |       |       |       |     4 |       ||     4
Armor: Animal skin       |    16 |       |       |       |       ||    16
       Ring mail         |    11 |       |       |    68 |    80 ||   159
       Chain mail        |     4 |    46 |   124 |   139 |       ||   313
       Acid dragon scale |       |       |       |     1 |     1 ||     2
Dodge: Dodged            |    48 |    13 |    49 |   190 |   110 ||   410
Block: Tower shield      |    37 |    78 |   220 |   604 |   307 ||  1246
